 Dungeon Crawl Stone Soup version 0.29-a0-90-gc37658a0fe (webtiles) character file.

Game seed: 8784191545093919574

73 lordive the Ducker (level 4, -3/41 HPs)
             Began as a Gnoll Monk on Feb 7, 2022.
             Killed from afar by Natasha (6 damage)
             ... with a magic dart
             ... on level 3 of the Dungeon.
             The game lasted 00:01:43 (1882 turns).

lordive the Ducker (Gnoll Monk)                     Turns: 1882, Time: 00:01:44

Health: -3/41      AC:  2    Str: 10    XL:     4   Next: 27%
Magic:  5/5        EV: 15    Int: 12    God:
Gold:   71         SH:  0    Dex: 14    Spells: 5/5 levels left

rFire   . . .      SeeInvis .   a - +0 spear
rCold   . . .      Faith    .   (no shield)
rNeg    . . .      Spirit   .   b - +0 robe
rPois   .          Reflect  .   (no helmet)
rElec   .          Harm     .   (no cloak)
rCorr   .          Rampage  .   (no gloves)
Will    +....                   (no boots)
Stlth   +++.......              (no amulet)
HPRegen 0.13/turn               k - ring of willpower
MPRegen 0.09/turn               (no ring)

@: no status effects
A: fangs 1, strong nose, distributed training
a: no special abilities


You were on level 3 of the Dungeon.
You visited 1 branch of the dungeon, and saw 3 of its levels.

You collected 71 gold pieces.

Inventory:

Hand Weapons
 a - a +0 spear (weapon)
Armour
 b - a +0 robe (worn)
Jewellery
 k - a ring of willpower (left hand)
Scrolls
 c - a scroll of identify {unknown}
 e - a scroll of amnesia {unknown}
 f - a scroll of vulnerability {unknown}
 g - a scroll of blinking {unknown}
 h - a scroll of acquirement {unknown}
Potions
 d - a potion of lignification {unknown}
 i - a potion of heal wounds {unknown}
 j - a potion of curing {unknown}


   Skills:
 + Level 6.6 Fighting
 + Level 1.1 Short Blades
 + Level 1.1 Long Blades
 + Level 1.1 Axes
 + Level 1.1 Maces & Flails
 + Level 6.6 Polearms
 + Level 1.1 Staves
 + Level 1.1 Slings
 + Level 1.1 Bows
 + Level 1.1 Crossbows
 + Level 1.1 Throwing
 + Level 1.1 Armour
 + Level 6.6 Dodging
 + Level 4.2 Stealth
 + Level 1.1 Shields
 + Level 1.1 Unarmed Combat
 + Level 1.1 Spellcasting
 + Level 0.8 Conjurations
 + Level 0.8 Hexes
 + Level 0.8 Summonings
 + Level 0.8 Necromancy
 + Level 0.8 Translocations
 + Level 0.8 Transmutations
 + Level 0.8 Fire Magic
 + Level 0.8 Ice Magic
 + Level 0.8 Air Magic
 + Level 0.8 Earth Magic
 + Level 0.8 Poison Magic
 + Level 1.2 Invocations
 + Level 1.1 Evocations


You had 5 spell levels left.
You didn't know any spells.
Your spell library contained the following spells:

 Spells                   Type           Power      Damage    Failure   Level
 Animate Skeleton         Necr           4%         N/A       22%         1
 Pain                     Necr           8%         1d4       22%         1
 Vampiric Draining        Necr           2%         2d6       54%         3


Dungeon Overview and Level Annotations

Branches:
Dungeon (3/15)

Altars:
Fedhas
The Shining One

Annotations:
D:3 Natasha


Innate Abilities, Weirdness & Mutations

You have very sharp teeth.
Your uncanny sense of smell can sniff out nearby items.
Your experience applies equally to all skills.


Message History

You hit Natasha but do no damage. Natasha claws you.
You hit Natasha.
Natasha is lightly wounded.
The orc hits you with a +0 club. Natasha misses you.
You closely miss Natasha. Your bite misses Natasha.
Natasha is lightly wounded.
The orc hits you with a +0 club. Natasha claws you but does no damage.
You hit Natasha but do no damage.
Natasha is lightly wounded.
The orc misses you.
The orc wizard mumbles some strange words.
The orc wizard flickers and vanishes!
Deactivating autopickup; reactivate with Ctrl-A.
You hit Natasha but do no damage.
Natasha is lightly wounded.
Natasha claws you.
You hit Natasha but do no damage. You bite Natasha.
Natasha is lightly wounded.
Natasha casts a spell at you. The magic dart hits you!
You are too injured to fight recklessly!
You are too injured to fight recklessly!
You are too injured to fight recklessly!
You are too injured to fight recklessly!
You are too injured to fight recklessly!
You are too injured to fight recklessly!
You are too injured to fight recklessly!
You are too injured to fight recklessly!
Unknown command.
Natasha claws you!
* * * LOW HITPOINT WARNING * * *
Natasha casts a spell at you. The magic dart hits you!
* * * LOW HITPOINT WARNING * * *
Natasha completely misses you.
You closely miss Natasha. You bite Natasha, but do no damage.
Natasha is lightly wounded.
Natasha stares at you and mumbles some strange words.
The magic dart hits you.
You die...

## ## #. ∆ .# #.######
#.# #<#....####.. ####
#...........#.....
#.†....####...####
#......##.o)......
#####.....$.@h##(#####
#####..........#### #
......###..#.#.... ∆
#########..#.######
..........<..#
#########.)#######
#......... ###
#..####### ..# #.##


You could see Natasha and an orc.

Vanquished Creatures
  A gnoll (D:1)
  An adder (D:2)
  3 dart slugs
  An orc (D:3)
  6 endoplasms
  3 giant cockroaches (D:1)
  2 hobgoblins (D:2)
  3 quokkas
  3 ball pythons (D:1)
  5 bats
  3 frilled lizards
  7 goblins
  6 kobolds
  5 rats
49 creatures vanquished.

Vanquished Creatures (others)
  A hobgoblin (D:2)
1 creature vanquished.

Grand Total: 50 creatures vanquished

Notes
Turn   | Place    | Note
-------+----------+-------------------------------------------
     0 | D:1      | lordive the Gnoll Monk began the quest for the Orb.
     0 | D:1      | Reached XP level 1. HP: 23/23 MP: 1/1
   154 | D:1      | Reached XP level 2. HP: 19/29 MP: 2/2
   491 | D:1      | Reached XP level 3. HP: 35/35 MP: 3/3
  1031 | D:2      | Reached skill level 1 in Invocations
  1042 | D:2      | Found a glowing golden altar of the Shining One.
  1237 | D:2      | Reached skill level 1 in Short Blades
  1237 | D:2      | Reached skill level 1 in Long Blades
  1237 | D:2      | Reached skill level 1 in Axes
  1237 | D:2      | Reached skill level 1 in Maces & Flails
  1237 | D:2      | Reached skill level 1 in Staves
  1237 | D:2      | Reached skill level 1 in Slings
  1237 | D:2      | Reached skill level 1 in Bows
  1237 | D:2      | Reached skill level 1 in Crossbows
  1237 | D:2      | Reached skill level 1 in Throwing
  1237 | D:2      | Reached skill level 1 in Armour
  1237 | D:2      | Reached skill level 1 in Shields
  1237 | D:2      | Reached skill level 1 in Unarmed Combat
  1237 | D:2      | Reached skill level 1 in Spellcasting
  1237 | D:2      | Reached skill level 1 in Evocations
  1583 | D:2      | Reached XP level 4. HP: 35/41 MP: 5/5
  1764 | D:3      | Found a blossoming altar of Fedhas.
  1867 | D:3      | Noticed Natasha
  1879 | D:3      | HP: 2/41 [Natasha/magic dart (7)]
  1882 | D:3      | Killed from afar by Natasha

Illustrated notes

Levels and vault maps discovered:
D:1:      mrwooster_arrival_statue_3, layout_basic
D:2:      layout_basic, basic_altar, hex_medium
D:3:      layout_loops_ring, fedhas_ov_isle_minmay,
          ebering_ecumenical_altar_mist, minmay_crystal_water, uniq_natasha

Skill      XL: |  1  2  3 |
---------------+----------+-----
Invocations    | 1 |  1.2
Short Blades   | 1 |  1.1
Long Blades    | 1 |  1.1
Axes           | 1 |  1.1
Maces & Flails | 1 |  1.1
Staves         | 1 |  1.1
Slings         | 1 |  1.1
Bows           | 1 |  1.1
Crossbows      | 1 |  1.1
Throwing       | 1 |  1.1
Armour         | 1 |  1.1
Shields        | 1 |  1.1
Unarmed Combat | 1 |  1.1
Spellcasting   | 1 |  1.1
Evocations     | 1 |  1.1
Fighting       | |  6.6
Polearms       | |  6.6
Dodging        | |  6.6
Stealth        | |  4.2
Conjurations   | |  0.8
Hexes          | |  0.8
Summonings     | |  0.8
Necromancy     | |  0.8
Translocations | |  0.8
Transmutations | |  0.8
Fire Magic     | |  0.8
Ice Magic      | |  0.8
Air Magic      | |  0.8
Earth Magic    | |  0.8
Poison Magic   | |  0.8

Action                   |  1- 3 |  4- 6 || total
-------------------------+-------+-------++-------
Melee: Spear             |   120 |    30 ||   150
       Bite              |     6 |     4 ||    10
       Punch             |     1 |       ||     1
 Stab: Sleeping          |    16 |     1 ||    17
Armor: Robe              |     6 |     6 ||    12
Dodge: Dodged            |    44 |    23 ||    67

Table legend: (Time is in decaauts)
 A = Elapsed time spent in this place.
 B = Non-inter-level travel time spent in this place.
 C = Inter-level travel time spent in this place.
 D = Time resting spent in this place.
 E = Time spent auto-exploring this place.
 F = Levels seen in this place.
 G = Mean time per level.
                   A        B        C        D        E       F      G
               +--------+--------+--------+--------+--------+-----+--------+
         Total |   1847 |   1799 |     48 |      0 |   1512 |   3 |  615.7 |
       Dungeon |   1847 |   1799 |     48 |      0 |   1512 |   3 |  615.7 |
               +--------+--------+--------+--------+--------+-----+--------+

Top non-repeatable levels by time:
     D:1: 963 daAuts
     D:2: 765 daAuts
     D:3: 118 daAuts
